 Dungeon Crawl Stone Soup version 0.26.1-2-gb8aa6d0 (webtiles) character file.

Game seed: 12864006586995229424

31 Scud the Skirmisher (level 3, -3/29 HPs)
             Began as a Demonspawn Abyssal Knight on Feb 26, 2021.
             Was a Follower of Lugonu.
             Slain by an orc
             ... wielding a +0 falchion
              (5 damage)
             ... on level 2 of the Dungeon.
             The game lasted 00:03:32 (1394 turns).

Scud the Skirmisher (Demonspawn Abyssal Knight)     Turns: 1394, Time: 00:03:33

Health: -3/29      AC:  3    Str: 13    XL:     3   Next: 7%
Magic:  5/5        EV:  8    Int: 13    God:    Lugonu [*.....]
Gold:   51         SH:  7    Dex: 12    Spells: 2/2 levels left

rFire    . . .     SeeInvis .   a - +1 spear
rCold    . . .     Faith    .   l - +0 kite shield
rNeg     . . .     Spirit   .   b - +0 leather armour
rPois    .         Reflect  .   (no helmet)
rElec    .         Harm     .   (no cloak)
rCorr    .         Rampage  .   (no gloves)
Will     .....                  (no boots)
Stlth    +.........             (no amulet)
HPRegen  0.09/turn              (no ring)
MPRegen  0.09/turn              (no ring)

@: hasted, very quick
A: talons 1
a: Renounce Religion, Depart the Abyss


You were on level 2 of the Dungeon.
You worshipped Lugonu.
Lugonu was aware of your devotion.
You visited 1 branch of the dungeon, and saw 2 of its levels.
You visited the Abyss 1 time.

You collected 51 gold pieces.

Inventory:

Hand Weapons
 a - a +1 spear (weapon)
Missiles
 k - 14 poisoned darts (quivered)
 n - 16 sling bullets
Armour
 b - a +0 leather armour (worn)
 l - a +0 kite shield (worn)
Scrolls
 d - a scroll of blinking {unknown}
 e - a scroll of remove curse {unknown}
 g - a scroll of immolation {unknown}
 i - a scroll of teleportation {unknown}
 j - a scroll of fog {unknown}
 m - a scroll of identify {unknown}
Potions
 f - a potion of brilliance {unknown}
 h - a potion of curing {unknown}


   Skills:
 + Level 3.2 Fighting
 * Level 2.2 Polearms
 + Level 2.0 Armour
 + Level 1.3 Dodging
 * Level 0.2 Shields
 + Level 2.8 Invocations


You had 2 spell levels left.
You didn't know any spells.
Your spell library was empty.

Dungeon Overview and Level Annotations

Branches:
Dungeon (2/15)

Altars:


Innate Abilities, Weirdness & Mutations

You have sharp toenails.


Message History

You closely miss the orc. You claw the orc, but do no damage.
The orc is severely wounded.
You block the orc's attack.
You hit the orc. Your kick misses the orc.
The orc is almost dead.
The orc hits you with a +1 vorpal war axe.
* * * LOW HITPOINT WARNING * * *
x2 You hit the orc.
You kill the orc!
Lugonu accepts your kill.
You closely miss the orc. You claw the orc.
The orc is severely wounded.
The orc hits you with a +0 falchion.
* * * LOW HITPOINT WARNING * * *
It was a potion of haste.
You feel yourself speed up. The orc closely misses you.
You hit the orc. You claw the orc, but do no damage.
The orc is almost dead.
The orc hits you with a +0 falchion.
You die...

##### #...#
#.#.# #.#.##
####<#..#####
#............
.....#..####....
#### #@## .
###o# #...#
##.### . #..#
....###.#####
...>........#
....##?).##....
.. #.#... ..


You could see an orc.

Vanquished Creatures
  A dart slug (D:1)
  A leopard gecko (D:1)
  3 orcs (D:2)
  4 bats (D:1)
  5 goblins (D:1)
  3 hobgoblins (D:1)
  A kobold (D:1)
  2 frilled lizards (D:1)
  4 rats
24 creatures vanquished.

Notes
Turn   | Place    | Note
-------+----------+-------------------------------------------
     0 | Abyss:1  | Scud the Demonspawn Abyssal Knight began the quest for the
                  | Orb.
     0 | Abyss:1  | Reached XP level 1. HP: 18/18 MP: 2/2
    70 | Abyss:1  | Noticed a large abomination
    73 | D:1      | Escaped the Abyss
   111 | D:1      | Reached skill level 1 in Dodging
   321 | D:1      | Reached * piety under Lugonu
   322 | D:1      | Gained mutation: You have sharp toenails. [demonic
                  | ancestry]
   322 | D:1      | Reached XP level 2. HP: 24/24 MP: 3/3
  1376 | D:2      | Reached XP level 3. HP: 19/29 MP: 5/5
  1394 | D:2      | Slain by an orc

Illustrated notes

Levels and vault maps discovered:
D:1:      amcnicky_arrival_single_pillar, layout_basic
D:2:      layout_rooms

Skill      XL: |  1  2 |
---------------+-------+-----
Dodging        | 1 |  1.3
Polearms       | 2 |  2.2
Armour         | 2 |  2.0
Fighting       | |  3.2
Shields        | |  0.2
Invocations    | |  2.8

Action                   || total
-------------------------++-------
Melee: Spear             ||    77
       Kick              ||     9
Invok: Depart the Abyss  ||     1
  Use: Potion            ||     1
Armor: Leather armour    ||    19
Dodge: Dodged            ||    37
Block: Kite shield       ||     5
